Map: Automaton LE

Players

Lambo - Winner!

  • Race: Zerg Zerg
  • League: Grandmaster
  • Spawn Location: 3:00

LiquidTLO (TLO)

  • Race: Zerg Zerg
  • League: Grandmaster
  • Spawn Location: 9:00

VOD

Have the link to the VOD?

Description

Time

  • Played on: Jan. 7, 2019, 3:53 p.m.
  • Length: 10:00
Show
View Real Time Build Order
Export as new Build Order

Lambo Zerg - Winner!

Build Orders: Hatch First 

Get SALT Encoding   

  12  0:00  Drone  
  13  0:12  Overlord  
  13  0:17  Drone  
  14  0:31  Drone x2  
  16  0:48  Hatchery  
  15  0:52  Drone  
  15  0:55  Drone  
  17  1:00  Drone  
  18  1:07  Extractor  
  17  1:15  Spawning Pool  
  17  1:18  Drone  
  17  1:21  Drone  
  18  1:28  Drone  
  19  1:43  Drone  
  20  1:50  Drone  
  21  2:01  Queen x2  
  21  2:02  Drone  
  21  2:03  Overlord  
  26  2:10  Metabolic Boost  
  26  2:12  Drone  
  26  2:14  Zergling x2  
  29  2:22  Zergling x2  
  29  2:24  Drone  
  30  2:38  Hatchery  
  30  2:40  Drone  
  30  2:41  Zergling x2  
  31  2:47  Queen  
  33  2:52  Overlord  
  33  2:58  Drone x2  
  34  3:00  Zergling x2  
  34  3:05  Overlord  
  36  3:23  Zergling x14  
  43  3:30  Overlord  
  43  3:34  Drone  
  44  3:38  Baneling Nest  
  43  3:43  Drone  
  43  3:49  Drone x2  
  43  3:53  Drone x2  
  43  3:54  Drone x2  
  49  3:57  Drone x4  
  53  4:04  Overlord  
  53  4:07  Overlord  
  52  4:12  Evolution Chamber  
  52  4:15  Extractor  
  52  4:16  Extractor  
  49  4:23  Baneling  
  49  4:24  Baneling x3, Drone  
  48  4:25  Drone x4  
  48  4:31  Drone x2  
  54  4:32  Drone x2  
  54  4:34  Drone x2  
  54  4:36  Zergling x2  
  59  4:42  Drone x3  
  59  4:44  Drone  
  62  4:52  Zergling x2  
  58  4:56  Baneling x2  
  58  4:59  Overlord, Drone x2  
  59  5:01  Roach Warren  
  59  5:05  Drone x3  
  59  5:06  Lair  
  59  5:07  Overlord  
  61  5:09  Drone  
  61  5:11  Overlord  
  61  5:13  Drone  
  63  5:15  Extractor x2  
  63  5:16  Drone  
  63  5:19  Drone  
  63  5:20  Drone x2  
  65  5:22  Drone  
  65  5:24  Drone  
  65  5:25  Drone  
  68  5:32  Drone x2  
  68  5:33  Drone  
  71  5:35  Queen  
  71  5:38  Extractor  
  71  5:39  Zerg Missile Weapons Level 1  
  71  5:40  Drone x3  
  71  5:42  Overlord  
  74  5:46  Overlord  
  74  5:47  Overlord  
  74  5:51  Evolution Chamber, Drone x2  
  75  5:58  Drone x3  
  75  6:00  Roach x2  
  75  6:01  Roach  
  75  6:02  Overlord  
  84  6:04  Roach  
  84  6:07  Glial Reconstitution  
  86  6:17  Roach x4  
  94  6:23  Hatchery  
  94  6:24  Zerg Ground Armor Level 1  
  93  6:26  Roach  
  93  6:32  Roach x4  
  103  6:36  Overlord  
  103  6:38  Roach x2  
  107  6:41  Ravager x4  
  107  6:43  Roach  
  113  6:47  Overlord  
  113  6:51  Overlord x2  
  113  6:53  Overlord  
  113  6:55  Overlord  
  113  6:56  Roach x3  
  121  7:01  Roach  
  121  7:03  Overlord  
  121  7:06  Roach x2  
  121  7:07  Roach  
  127  7:10  Roach x2  
  127  7:11  Roach  
  127  7:12  Overlord  
  127  7:14  Roach  
  135  7:17  Overseer  
  135  7:21  Roach x3  
  141  7:23  Roach  
  141  7:29  Roach x4  
  151  7:32  Roach  
  151  7:33  Overlord  
  151  7:35  Roach x2  
  155  7:42  Roach x4  
  163  7:47  Overlord  
  163  7:48  Ravager  
  163  7:50  Roach  
  166  7:54  Roach  
  166  7:55  Roach x2  
  171  7:58  Overlord  
  171  8:02  Overlord  
  169  8:09  Roach x6  
  183  8:16  Roach x4  
  183  8:18  Roach  
  187  8:23  Roach x2  
  183  8:28  Roach x3  
  183  8:29  Roach x3  
  175  8:39  Roach x4  
  165  8:45  Roach  
  159  8:49  Queen  
  159  8:52  Roach x3  
  162  8:58  Roach  
  164  9:05  Ravager x4  
  164  9:06  Roach x3  
  176  9:10  Roach  
  176  9:11  Ravager  
  176  9:12  Ravager  
  176  9:13  Roach, Ravager  
  176  9:14  Roach x2  
  189  9:17  Roach x3  
  189  9:20  Roach  
  189  9:24  Roach x3  
  197  9:34  Roach x5  
  197  9:38  Roach x2  
Show
View Real Time Build Order
Export as new Build Order

LiquidTLO Zerg 

Build Orders: Hatch First 

Get SALT Encoding   

  12  0:00  Drone  
  13  0:09  Drone  
  14  0:17  Overlord  
  14  0:36  Drone x3  
  17  0:53  Hatchery  
  17  0:56  Drone  
  17  1:10  Spawning Pool  
  16  1:14  Drone  
  16  1:17  Drone  
  18  1:20  Extractor  
  18  1:22  Drone  
  18  1:34  Drone  
  19  1:42  Overlord  
  19  1:57  Queen, Zergling x2  
  22  2:03  Zergling x2  
  22  2:05  Queen, Drone  
  26  2:13  Drone  
  27  2:16  Drone  
  27  2:21  Metabolic Boost  
  28  2:24  Drone  
  28  2:27  Drone  
  30  2:34  Drone  
  31  2:45  Hatchery  
  31  2:47  Drone  
  31  2:54  Drone  
  31  2:55  Overlord  
  32  3:00  Baneling Nest  
  32  3:03  Zergling x2  
  32  3:04  Drone  
  33  3:07  Drone  
  33  3:08  Drone  
  33  3:11  Drone  
  36  3:14  Drone  
  36  3:15  Zergling x2  
  38  3:21  Drone  
  38  3:22  Drone  
  40  3:29  Queen  
  40  3:31  Drone  
  40  3:32  Zergling x2  
  44  3:44  Baneling  
  44  3:45  Baneling  
  44  3:48  Baneling  
  44  3:50  Overlord  
  44  3:56  Queen  
  44  3:59  Drone x2  
  44  4:01  Drone  
  48  4:03  Baneling x2  
  48  4:07  Queen x2  
  48  4:08  Overlord, Drone  
  53  4:10  Drone  
  53  4:12  Drone  
  53  4:14  Drone  
  53  4:16  Drone  
  57  4:23  Evolution Chamber  
  56  4:24  Overlord, Drone  
  56  4:25  Baneling  
  56  4:26  Baneling  
  56  4:27  Drone  
  56  4:30  Drone  
  59  4:31  Drone  
  59  4:33  Drone  
  59  4:35  Drone  
  59  4:37  Extractor  
  61  4:39  Drone  
  61  4:45  Drone  
  63  4:46  Drone  
  63  4:50  Baneling x2  
  63  4:51  Drone  
  61  4:52  Drone  
  61  4:53  Drone  
  61  4:54  Drone  
  61  4:56  Drone x3  
  64  5:01  Drone  
  64  5:02  Drone  
  64  5:03  Drone  
  64  5:06  Extractor x2  
  65  5:07  Roach Warren  
  65  5:09  Drone  
  65  5:10  Lair  
  65  5:13  Drone  
  67  5:14  Drone x2  
  67  5:16  Baneling  
  67  5:17  Drone  
  67  5:18  Drone  
  67  5:19  Drone  
  67  5:21  Extractor  
  70  5:23  Overlord, Drone  
  70  5:25  Drone  
  70  5:26  Drone  
  73  5:29  Zerg Missile Weapons Level 1  
  73  5:32  Spore Crawler  
  73  5:33  Drone  
  73  5:35  Evolution Chamber  
  73  5:38  Overlord  
  73  5:39  Overlord  
  73  5:41  Overlord  
  73  5:43  Drone  
  73  5:46  Drone  
  73  5:48  Drone  
  73  5:49  Roach  
  80  5:50  Roach  
  80  5:57  Overlord  
  80  5:59  Roach  
  80  6:00  Roach x2  
  80  6:01  Roach x2  
  90  6:06  Overlord  
  90  6:07  Glial Reconstitution  
  92  6:11  Roach  
  92  6:12  Hatchery  
  92  6:13  Drone  
  92  6:14  Drone  
  92  6:18  Extractor, Zerg Ground Armor Level 1  
  92  6:20  Roach  
  92  6:22  Roach  
  92  6:24  Roach  
  98  6:27  Roach  
  98  6:29  Drone  
  98  6:30  Drone x2  
  98  6:32  Roach, Drone  
  106  6:35  Roach x2  
  106  6:37  Overlord  
  106  6:39  Roach  
  112  6:45  Roach  
  112  6:46  Roach x2  
  118  6:47  Roach  
  118  6:48  Overlord  
  120  6:56  Roach  
  120  6:59  Overlord  
  120  7:00  Roach  
  124  7:03  Roach  
  124  7:04  Roach  
  124  7:07  Roach x2  
  132  7:10  Roach x2, Overlord  
  132  7:11  Overlord  
  132  7:14  Overlord  
  136  7:16  Pneumatized Carapace  
  136  7:20  Overlord  
  137  7:22  Ravager  
  137  7:24  Ravager x4  
  137  7:26  Roach  
  143  7:32  Zerg Missile Weapons Level 2  
  143  7:34  Overlord  
  143  7:36  Roach x2  
  147  7:38  Roach  
  147  7:39  Roach  
  147  7:40  Roach  
  147  7:42  Roach  
  147  7:43  Roach  
  157  7:44  Roach  
  157  7:46  Roach  
  157  7:48  Roach  
  157  7:49  Roach  
  165  7:52  Roach  
  165  7:53  Roach  
  165  7:54  Roach  
  165  7:56  Roach  
  165  7:57  Roach  
  175  8:02  Roach  
  175  8:06  Overlord x2  
  175  8:08  Roach  
  175  8:10  Roach x2, Overlord  
  174  8:15  Roach  
  174  8:24  Roach  
  174  8:25  Roach  
  174  8:27  Roach  
  178  8:28  Roach x2  
  178  8:29  Roach  
  178  8:32  Roach  
  178  8:33  Roach  
  179  8:35  Roach  
  179  8:39  Roach x2  
  159  8:41  Roach  
  159  8:43  Roach  
  159  8:46  Roach  
  159  8:47  Roach  
  146  8:49  Roach  
  146  8:51  Roach  
  146  8:54  Roach  
  138  8:56  Roach  
  138  8:58  Roach  
  138  9:00  Roach  
  138  9:02  Roach  
  146  9:03  Roach  
  146  9:06  Ravager  
  146  9:07  Ravager x5  
  146  9:09  Roach  
  156  9:12  Roach  
  156  9:13  Roach  
  156  9:15  Roach  
  162  9:17  Roach  
  162  9:19  Drone  
  162  9:22  Overseer  
  167  9:24  Roach  
  167  9:26  Roach  
  133  9:41  Roach  
Tags
 
Add a new tag
Caveats
  • Supply blocks, unpowered buildings, or Contaminate may cause inaccurate times.
  • Supply counts are checked every 10 seconds.